 Dungeon Crawl Stone Soup version 0.28.0-45-g0d030f2227 (webtiles) character file.

Game seed: 9840672944505551111

18408 protoss039 the Geomancer (level 12, -6/71 HPs)
             Began as a Gargoyle Earth Elementalist on Apr 15, 2022.
             Was an Elder of Vehumet.
             Mangled by a harpy simulacrum (8 damage)
             ... in an ice cave.
             The game lasted 00:50:11 (17242 turns).

protoss039 the Geomancer (GrEE)                    Turns: 17242, Time: 00:50:12

Health: -6/71      AC: 19    Str: 12    XL:     12   Next: 58%
Magic:  5/26       EV:  9    Int: 21    God:    Vehumet [****..]
Gold:   326        SH:  5    Dex: 10    Spells: 13/32 levels left

rFire   . . .      SeeInvis .   A - +1 whip (venom)
rCold   + . .      Faith    .   E - +0 buckler
rNeg    + + .      Spirit   .   F - +2 scale mail {Will+}
rPois   ∞          Reflect  .   (no helmet)
rElec   +          Harm     .   (no cloak)
rCorr   .          Rampage  .   (no gloves)
Will    ++...                   v - +0 pair of boots
Stlth   ++........              (no amulet)
HPRegen 0.21/turn               G - ring "Kadetroo" {Fly rN+ Will+ Stlth+}
MPRegen 0.20/turn               M - ring of protection from cold

@: flying
A: sickness immunity, AC +8, negative energy resistance 1, electricity
resistance, torment resistance 1, petrification resistance
a: Renounce Religion


You were in an ice cave.
You worshipped Vehumet.
Vehumet was greatly pleased with you.
You visited 2 branches of the dungeon, and saw 12 of its levels.
You also visited: Ice Cave.

You collected 475 gold pieces.
You spent 149 gold pieces at shops.

Inventory:

Hand Weapons
 w - a +2 whip of flaming
 A - a +1 whip of venom (weapon)
Missiles
 c - 159 stones
 r - a throwing net
Armour
 v - a +0 pair of boots (worn)
 E - a +0 buckler (worn)
 F - a +2 scale mail of willpower (worn)
 Q - a +1 leather armour of resistance
Magical Staves
 u - a staff of death
Jewellery
 g - a ring of fire
 i - a +4 ring of protection
 G - the ring "Kadetroo" (left hand) {Fly rN+ Will+ Stlth+}
   (You found it on level 9 of the Dungeon)

   [ring of positive energy]

   rN:        It protects you from negative energy.
   Fly:       It grants you flight.
   Will:      It increases your willpower.
   Stlth:     It makes you more stealthy.
 M - a ring of protection from cold (right hand)
Wands
 e - a wand of iceblast (28)
 K - a wand of charming (3)
 N - a wand of acid (5)
 P - a wand of flame (11)
Scrolls
 a - 3 scrolls of immolation
 j - a scroll of torment {unknown}
 k - 2 scrolls of blinking
 l - 4 scrolls of brand weapon
 m - 2 scrolls of enchant armour
 n - 4 scrolls of fog
 o - 5 scrolls of teleportation
 q - a scroll of acquirement {unknown}
 x - a scroll of amnesia
 y - 4 scrolls of magic mapping
 C - a scroll of holy word {unknown}
 D - a scroll of enchant weapon
 H - a scroll of fear
 O - a scroll of identify
Potions
 b - 3 potions of curing
 d - a potion of cancellation {unknown}
 f - 3 potions of lignification
 h - 3 potions of mutation
 p - a potion of invisibility {unknown}
 s - 2 potions of ambrosia {unknown}
 t - 2 potions of haste {unknown}
 z - 2 potions of might {unknown}
 B - 3 potions of heal wounds {unknown}
 L - a potion of flight {unknown}
Miscellaneous
 I - a phantom mirror
 J - a condenser vane


   Skills:
 * Level 6.5 Fighting
 * Level 6.6 Armour
 - Level 3.0 Dodging
 - Level 3.0 Stealth
 * Level 8.1 Shields
 * Level 10.5 Spellcasting
 + Level 8.4 Conjurations
 - Level 3.0 Transmutations
 - Level 3.0 Fire Magic
 + Level 10.6 Earth Magic


You had 13 spell levels left.
You knew the following spells:

 Your Spells              Type           Power      Damage    Failure   Level
a - Sandblast             Erth           100%       2d20      1%          1
b - Passwall              Tmut/Erth      32%        N/A       3%          2
c - Stone Arrow           Conj/Erth      100%       3d13      1%          3
d - Petrify               Tmut/Erth      39%        N/A       21%         4
e - Foxfire               Conj/Fire      100%       2x1d9     1%          1
f - Inner Flame           Hex/Fire       17%        N/A       14%         3
g - Freezing Cloud        Conj/Ice/Air   11%        6-21      54%         5

Your spell library contained the following spells:

 Spells                   Type           Power      Damage    Failure   Level
 Conjure Flame            Conj/Fire      35%        6-21      2%          3
 Flame Wave               Conj/Fire      35%        2d8       9%          4
 Iron Shot                Conj/Erth      25%        9d5       26%         6
 Animate Skeleton         Necr           22%        N/A       32%         1
 Pain                     Necr           44%        1d6       32%         1
 Animate Armour           Summ/Erth      66%        N/A       36%         4
 Ozocubu's Armour         Ice            11%        N/A       69%         3
 Vampiric Draining        Necr           11%        2d6       69%         3
 Blade Hands              Tmut           11%        N/A       95%         5
 Metabolic Englaciation   Hex/Ice        5%         N/A       100%        5
 Simulacrum               Ice/Necr       5%         N/A       100%        6


Dungeon Overview and Level Annotations

Branches:
Dungeon (11/15)            Temple (1/1) D:4            Lair (0/6) D:9
    Orc (0/2) D:9           IceCv (1/1)

Altars:
Ashenzari
Cheibriados
Dithmenos
Elyvilon
Fedhas
Gozag
Hepliaklqana
Kikubaaqudgha
Makhleb
Nemelex Xobeh
Okawaru
Qazlal
Ru
Sif Muna
Trog
Uskayaw
Vehumet
Wu Jian
Xom
Yredelemnul
Zin
The Shining One

Shops:
D:5 ?*(   D:6 =   D:8 :[[

Annotations:
IceCv exclusion: ice statue


Innate Abilities, Weirdness & Mutations

You are immune to sickness and miasma.
Your stone body is resilient. (AC +8)
You are immune to poison.
You resist negative energy. (rN+)
You are resistant to electric shocks. (rElec)
You are resistant to unholy torment.
You are immune to petrification.


Message History

The stone arrow hits the ice devil!
You kill the ice devil!
Vehumet accepts your kill.
You feel your power returning.
The harpy simulacrum claws you but does no damage. x4
The harpy simulacrum claws you. The harpy simulacrum freezes you. You resist.
The harpy simulacrum barely misses you. The harpy simulacrum barely misses you.
The harpy simulacrum claws you but does no damage.
You block the harpy simulacrum's attack. x2
Casting: Stone Arrow (safe; 1% risk of failure)
Confirm with . or Enter, or press ? or * to list all spells.
Aiming: Sandblast (safe; 1% risk of failure)
Press: ? - help, Shift-Dir - straight line, f - harpy simulacrum
Aim: a harpy simulacrum (94% to hit)
Okay, then.
The harpy simulacrum barely misses you.
The harpy simulacrum claws you but does no damage.
The harpy simulacrum closely misses you.
The harpy simulacrum claws you.
* * * LOW HITPOINT WARNING * * *
The harpy simulacrum freezes you. You resist.
* * * LOW HITPOINT WARNING * * *
Casting: Sandblast (safe; 1% risk of failure)
Confirm with . or Enter, or press ? or * to list all spells.
Aiming: Sandblast (safe; 1% risk of failure)
Press: ? - help, Shift-Dir - straight line, f - harpy simulacrum
Aim: a harpy simulacrum (water, 94% to hit)
The blast of sand hits the harpy simulacrum!
The harpy simulacrum is heavily damaged.
The harpy simulacrum claws you but does no damage.
The harpy simulacrum claws you.
* * * LOW HITPOINT WARNING * * *
The harpy simulacrum freezes you! You resist.
* * * LOW HITPOINT WARNING * * *
You block the harpy simulacrum's attack.
The harpy simulacrum claws you.
* * * LOW HITPOINT WARNING * * *
The harpy simulacrum freezes you! You resist.
You die...

.## ##..# #.......##..##
## #..###........#..#
##### ##..###.......##.#
#...## #..###.....##...#
.....##
##..##.....##..##
..#...# #..#.....####.#
####..# ##...###..#####
# #..## ##.####Z#≈#
##..## ####≈@≈≈≈# #...##
#≈≈≈≈≈≈≈# ##....##
##≈≈≈≈≈##### #......#
##..#≈###..##
##.....####..#####....##
#.......##....##.......#
#..........#.......∩.∩.#
#.........###..........#
##......### ##..##....##


You could see a harpy simulacrum.

Vanquished Creatures
  2 hydras (D:9)
  A two-headed ogre (D:7)
  A tengu warrior (D:7)
  An ugly thing (D:7)
  Pikel (D:5)
  2 komodo dragons
  Psyche (D:10)
  An unseen horror (D:10)
  2 freezing wraiths (IceCv)
  2 anaconda simulacra (IceCv)
  2 entropy weaver simulacra (IceCv)
  8 ice devils
  2 vampires
  10 yaks
  A shadow (D:8)
  2 wraiths
  A basilisk (D:9)
  4 wyverns
  A steam dragon (D:9)
  4 vampire mosquitoes
  5 death yak simulacra (IceCv)
  Edmund (D:5)
  An acid dragon (D:11)
  7 water moccasins
  2 ice beasts
  A sky beast (D:4)
  3 black bears
  6 orc warriors
  4 necrophages (D:4)
  3 ogres
  3 centaurs
  A wolf (D:8)
  3 kobold brigands
  A lemure (D:5)
  Blork the orc (D:5)
  A bullfrog (D:6)
  2 gnoll sergeants
  4 scorpions
  A wyvern zombie (D:8)
  3 cane toad simulacra (IceCv)
  2 two-headed ogre simulacra (IceCv)
  A water moccasin zombie (D:6)
  A water moccasin skeleton (D:5)
  2 electric eels (D:9)
  8 wights
  5 howler monkeys
  A bullfrog zombie (D:5)
  4 centaur zombies
  2 jellies
  2 centaur skeletons
  2 gnoll shamans
  5 orc priests
  A human zombie (D:4)
  2 iguanas
  7 orc wizards
  A spriggan simulacrum (IceCv)
  2 troll simulacra (IceCv)
  2 wolf simulacra (IceCv)
  2 polar bear simulacra (IceCv)
  A mummy (D:4)
  4 howler monkey zombies
  18 gnolls
  6 adders
  A shadow imp (D:5)
  2 white imps
  An ufetubus (IceCv)
  5 adder zombies
  2 worms
  A dart slug (D:5)
  55 orcs
  4 bats
  4 endoplasms
  4 giant cockroaches
  8 goblins
  4 hobgoblins
  3 jackals (D:1)
  A quokka (D:1)
  A ball python (D:1)
  15 kobolds
  2 quokka zombies (D:4)
  7 rats
  A spectral hobgoblin (D:1)
304 creatures vanquished.

Vanquished Creatures (others)
  4 fungi (D:9)
  14 plants
18 creatures vanquished.

Grand Total: 322 creatures vanquished

Notes
Turn   | Place    | Note
-------+----------+-------------------------------------------
     0 | D:1      | protoss039 the Gargoyle Earth Elementalist began the quest
                  | for the Orb.
     0 | D:1      | Reached XP level 1. HP: 10/10 MP: 3/3
   261 | D:1      | Reached XP level 2. HP: 15/15 MP: 5/5
   483 | D:1      | Reached skill level 1 in Transmutations
   701 | D:1      | Found a faded altar of an unknown god.
  1438 | D:2      | Reached XP level 3. HP: 14/19 MP: 0/6
  1661 | D:2      | Found a glowing silver altar of Zin.
  1737 | D:2      | Reached XP level 4. HP: 24/24 MP: 7/7
  2433 | D:3      | Found an iron altar of Okawaru.
  2594 | D:3      | Noticed a scorpion
  2612 | D:3      | Killed a scorpion
  2613 | D:3      | Reached XP level 5. HP: 22/28 MP: 0/9
  3062 | D:3      | Learned a level 2 spell: Passwall
  3066 | D:3      | Learned a level 3 spell: Stone Arrow
  3329 | D:4      | Noticed a kobold brigand
  3339 | D:4      | Killed a kobold brigand
  3340 | D:4      | Reached XP level 6. HP: 32/32 MP: 6/10
  3425 | D:4      | Learned a level 4 spell: Petrify
  3486 | D:4      | Reached skill level 5 in Earth Magic
  3579 | D:4      | Reached skill level 1 in Fighting
  3579 | D:4      | Reached skill level 1 in Armour
  3592 | D:4      | Found a staircase to the Ecumenical Temple.
  3865 | D:4      | Noticed a necrophage
  3876 | D:4      | Killed a necrophage
  3877 | D:4      | Reached skill level 1 in Conjurations
  3877 | D:4      | Reached XP level 7. HP: 28/38 MP: 10/12
  4122 | D:4      | Found a basalt altar of Yredelemnul.
  4231 | D:4      | Reached XP level 8. HP: 21/46 MP: 2/14
  4501 | Temple   | Entered the Ecumenical Temple
  4653 | D:5      | Entered Level 5 of the Dungeon
  4801 | D:5      | Found a radiant altar of Vehumet.
  4869 | D:5      | Found Tuufi's Magic Scroll Shop.
  4908 | D:5      | Noticed Blork the orc
  4922 | D:5      | Killed Blork the orc
  4923 | D:5      | Reached skill level 5 in Spellcasting
  5036 | D:5      | Found Waesi's Assorted Antiques.
  5225 | D:5      | Found Rosasm's Antique Weapon Emporium.
  5540 | D:5      | Noticed Pikel
  5587 | D:4      | Reached XP level 9. HP: 14/50 MP: 1/17
  6027 | D:5      | Killed Pikel
  6251 | D:5      | Noticed Edmund
  6258 | D:5      | Killed Edmund
  6259 | D:5      | Reached skill level 5 in Conjurations
  6419 | D:5      | Became a worshipper of Vehumet
  6439 | D:5      | Bought a scroll of teleportation for 45 gold pieces
  6439 | D:5      | Bought a scroll of amnesia for 52 gold pieces
  6439 | D:5      | Bought a scroll of magic mapping for 52 gold pieces
  6805 | D:6      | Found a stormy altar of Qazlal.
  6880 | D:6      | Found a snail-covered altar of Cheibriados.
  7105 | D:6      | Found Dairir's Jewellery Emporium.
  7809 | D:7      | Found a broken altar of Ashenzari.
  7929 | D:7      | Reached * piety under Vehumet
  7929 | D:7      | Offered knowledge of Freeze by Vehumet.
  7929 | D:7      | Noticed a two-headed ogre
  7935 | D:7      | Killed a two-headed ogre
  7936 | D:7      | Reached XP level 10. HP: 58/58 MP: 5/21
  8410 | D:8      | Found Xutyinio's Antique Armour Emporium.
  8615 | D:8      | Found a hide-covered altar of Uskayaw.
  8857 | D:8      | Found Piafidab's Armour Shoppe.
  9210 | D:8      | Found an ancient bone altar of Kikubaaqudgha.
  9218 | D:8      | Found Tyruturghi's Book Shop.
  9305 | D:8      | Reached skill level 5 in Fighting
  9305 | D:8      | Reached skill level 5 in Armour
  9583 | D:8      | Found a glowing golden altar of the Shining One.
  9673 | D:8      | Found an ornate altar of the Wu Jian Council.
  9929 | D:9      | Reached skill level 1 in Shields
 10326 | D:9      | Noticed a cyan ugly thing
 10476 | D:7      | Killed a cyan ugly thing
 10700 | D:9      | Reached XP level 11. HP: 61/64 MP: 16/23
 10771 | D:9      | Found a staircase to the Lair.
 11094 | D:9      | Offered knowledge of Foxfire by Vehumet.
 11117 | D:9      | Reached ** piety under Vehumet
 11628 | D:9      | Noticed a tengu warrior
 11629 | D:9      | Noticed an eight-headed hydra
 12097 | D:9      | Found a staircase to the Orcish Mines.
 12233 | D:9      | Offered knowledge of Ignite Poison by Vehumet.
 12383 | D:9      | Noticed an eight-headed hydra
 12390 | D:9      | Killed an eight-headed hydra
 12391 | D:9      | Reached skill level 5 in Shields
 12678 | D:9      | Noticed a shadow dragon
 12702 | D:9      | Noticed a fenstrider witch
 12702 | D:9      | a shadow dragon changed into a fenstrider witch
 13137 | D:7      | Killed a tengu warrior
 13516 | D:9      | Killed an eight-headed hydra
 13558 | D:9      | Identified the ring "Kadetroo" {Fly rN+ Will+ Stlth+}
 13571 | D:9      | Identified the +1 scale mail of Sloth {Str+4}
 13741 | D:9      | Reached *** piety under Vehumet
 13848 | D:9      | Learned a level 1 spell: Foxfire
 13852 | D:9      | Learned a level 3 spell: Inner Flame
 14044 | D:10     | Entered Level 10 of the Dungeon
 14378 | D:10     | Noticed Psyche
 14383 | D:10     | Killed Psyche
 14384 | D:10     | Reached skill level 1 in Fire Magic
 14432 | D:10     | Found a sparkling altar of Nemelex Xobeh.
 14820 | D:10     | Reached skill level 10 in Earth Magic
 14979 | D:10     | Offered knowledge of Hailstorm by Vehumet.
 15433 | D:10     | Reached XP level 12. HP: 59/70 MP: 17/25
 15537 | D:11     | Reached skill level 10 in Spellcasting
 15813 | D:11     | Found a frozen archway.
 15822 | IceCv    | Entered an ice cave
 15956 | IceCv    | Reached **** piety under Vehumet
 16360 | IceCv    | Offered knowledge of Freezing Cloud by Vehumet.
 16367 | IceCv    | Learned a level 5 spell: Freezing Cloud
 16946 | IceCv    | Found an ancient bone altar of Kikubaaqudgha.
 17242 | IceCv    | HP: 3/71 [harpy simulacrum (8)]
 17242 | IceCv    | Mangled by a harpy simulacrum

Illustrated notes

Levels and vault maps discovered:
D:1:      beargit_arrival_greenhouse, layout_loops_corners,
          dreamdust_ecumenical_altar_drowned_temple
D:2:      layout_loops_cross, basic_altar, nicolae_grassy_gnolls
D:3:      layout_basic, okawaru_trees_1
D:4:      layout_cave_pools, lemuel_mausoleum_altar_yredelemnul,
          minmay_temple_entry_poolview, chequers_avenue
D:5:      layout_loops_cross, mainiacjoe_overflow_boulevard, serial_shops,
          nicolae_shop_hallway_stairs, nicolae_shop_competitors_out_of_business,
          nicolae_square_shop, uniq_edmund, uniq_blork_the_orc, uniq_pikel
D:6:      layout_basic, amcnicky_altar_gilded, mainiacjoe_overflow_catwalk,
          serial_shops, shop_fountains, dk_vineyard_1
D:7:      layout_loops_cross, mainiacjoe_overflow_small_starburst
D:8:      layout_basic, mainiacjoe_overflow_alcove_1,
          nicolae_tso_swordbearing_angel, mainiacjoe_overflow_tiny_flanked,
          mainiacjoe_overflow_24_doors, serial_shops, shop,
          nicolae_shop_window_shopping, kennysheep_mini
D:9:      minmay_the_grid_triangle_9x9_rhombus_thin
          [minmay_the_grid_triangle_9x9_swiss_cheese,
          minmay_the_grid_triangle_9x9_prize_schism,
          minmay_the_grid_triangle_9x9_from_above,
          minmay_the_grid_triangle_9x9_sparse_checkered], layout_loops_ring,
          minmay_lair_entry_grove, hiddenorc2_lemuel, serial_rivers,
          chequers_serial_rivers_small_3, chequers_serial_rivers_micro_c,
          chequers_serial_rivers_small_a, chequers_serial_rivers_micro_e,
          disabler_island
D:10:     layout_stronghold, old_standard_altar, uniq_psyche
D:11:     layout_cross, portal_ice_cave_demonic_guard, hangedman_misty_isle
Temple:   jpeg_temple_clearing
IceCv:    ice_cave_small_necro

Skill      XL: |  1  2  3  4  5  6  7  8  9 10 11 12 |
---------------+-------------------------------------+-----
Transmutations | 1 2 3 |  3.0
Dodging        | 2 3 |  3.0
Stealth        | 3 |  3.0
Earth Magic    | 4 5 6 8 9 10 | 10.6
Spellcasting   | 3 4 5 7 8 9 10 | 10.5
Fighting       | 1 3 4 6 |  6.5
Armour         | 1 3 4 6 |  6.6
Conjurations   | 1 2 4 5 6 7 8 |  8.4
Shields        | 3 6 8 |  8.1
Fire Magic     | 2 3 |  3.0

Action                   |  1- 3 |  4- 6 |  7- 9 | 10-12 || total
-------------------------+-------+-------+-------+-------++-------
Melee: Unarmed           |    99 |       |       |       ||    99
       Dagger            |    32 |       |       |       ||    32
       Rapier            |     6 |   133 |    58 |       ||   197
       Punch             |     2 |     1 |     4 |     1 ||     8
       Spear             |       |       |   127 |       ||   127
       Whip              |       |       |    83 |   345 ||   428
 Cast: Sandblast         |    20 |    33 |    21 |    68 ||   142
       Stone Arrow       |       |       |    62 |   274 ||   336
       Passwall          |       |       |       |     1 ||     1
Evoke: Wand              |       |       |       |     5 ||     5
  Use: Scroll            |       |       |     5 |     9 ||    14
 Stab: Sleeping          |     1 |     1 |     4 |       ||     6
Armor: Ring mail         |    76 |    98 |   163 |    45 ||   382
       Scale mail        |       |       |       |   395 ||   395
Dodge: Dodged            |    87 |    97 |   124 |   260 ||   568
Block: Buckler           |       |       |       |   106 ||   106
